 Dungeon Sprint DCSS version 0.21-a0-104-g7b58145 (webtiles) character file.

10 Kidiri the Sneak (level 2, -2/14 HPs)
             Began as a Spriggan Enchanter on July 5, 2017.
             Slain by a worker ant (8 damage)
             ... in the Dungeon (Sprint II: "The Violet Keep of Menkaure").
             The game lasted 00:00:48 (188 turns).

Kidiri the Sneak (Spriggan Enchanter)                Turns: 188, Time: 00:00:50

Health: -2/14      AC:  2    Str:  4    XL:     2   Next: 10%
Magic:  1/7        EV: 19    Int: 16    God:
Gold:   243        SH:  0    Dex: 16    Spells: 5/8 levels left

rFire    . . .     SeeInvis +   a - +1 dagger
rCold    . . .     Gourm    .   (shield restricted)
rNeg     . . .     Faith    .   b - +0 robe
rPois    .         Spirit   .   (helmet restricted)
rElec    .         Reflect  .   (no cloak)
rCorr    .         Harm     .   (gloves unavailable)
MR       .....     NoTele   +   (boots unavailable)
Stlth    +++.......             (no amulet)
HPRegen  0.04/turn              (no ring)
MPRegen  0.10/turn              (no ring)

@: very slightly contaminated, very quick
A: unfitting armour, see invisible, herbivore 3, speed 3, slow metabolism 2
a: no special abilities


You were in the Dungeon.
You were not hungry.

You visited 1 branch You collected 243 gold pieces.

Inventory:

Hand Weapons
 a - a +1 dagger (weapon)
Armour
 b - a +0 robe (worn)
Scrolls
 j - a scroll of blinking
Potions
 e - a potion of curing
 f - a potion of heal wounds
 g - a potion of haste
 h - 2 potions of magic
Books
 c - a book of Maledictions

   Spells                             Type                      Level
   a - Corona                         Hexes                        1
   b - Ensorcelled Hibernation        Hexes/Ice                    2
   c - Confuse                        Hexes                        3
   d - Tukima's Dance                 Hexes                        3
   e - Dazzling Spray                 Conjuration/Hexes            3
Comestibles
 d - a bread ration


   Skills:
 + Level 1.0 Fighting
 * Level 2.0 Short Blades
 + Level 0.5 Armour
 * Level 3.8 Dodging
 * Level 5.1 Stealth
 * Level 3.5 Spellcasting
 + Level 4.0 Hexes


You had 5 spell levels left.
You knew the following spells:

 Your Spells              Type           Power        Failure   Level  Hunger
a - Corona                Hex            ###....      3%          1    None
b - Ensorcelled Hibernat  Hex/Ice        #.....       12%         2    ##.....


Dungeon Overview and Level Annotations

Branches:
Dungeon (1/1)

Altars:

Annotations:
D Menkaure


Innate Abilities, Weirdness & Mutations

You are very small and have problems with some larger weapons.
You are too small for most types of armour.
You have supernaturally acute eyesight. (SInv)
You are a herbivore.
You cover ground extremely quickly.
You need consume almost no food.


Message History

Unknown command.
Casting: Ensorcelled Hibernation
Confirm with . or Enter, or press ? or * to list all spells.
Aiming: Ensorcelled Hibernation
Press: ? - help, Shift-Dir - straight line, f/p - worker ant
Aim: a worker ant (chance to defeat MR: 50%)
The worker ant resists with some effort.
The worker ant completely misses you.
Unknown command.
You hit the worker ant but do no damage.
The worker ant closely misses you. Menkaure closely misses you.
You hit the worker ant.
The worker ant is lightly wounded.
The worker ant bites you!
Ouch! That really hurt!
You barely miss the worker ant.
The worker ant is lightly wounded.
The worker ant bites you!
Ouch! That really hurt!
You die...

#≈≈≈.M.......#
#≈≈≈≈.##'##..#
#≈≈≈≈##.#.##
#≈≈≈ #%##..#
#≈≈# ###..##
#≈##. #%## #
#$w.##.##
#+.M.+
#..w##@## ##.
#a# # #a# .#.
. . ## ##


You could see Menkaure and 2 worker ants.

Vanquished Creatures
  3 worms (D)
3 creatures vanquished.

Vanquished Creatures (others)
  A crocodile (D)
1 creature vanquished.

Grand Total: 4 creatures vanquished

Notes
Turn   | Place    | Note
-------+----------+-------------------------------------------
     0 | D        | Kidiri the Spriggan Enchanter began the quest for the Orb.
     0 | D        | Reached XP level 1. HP: 9/9 MP: 5/5
     1 | D        | Noticed a worker ant
     1 | D        | Noticed a worker ant
     5 | D        | Noticed a tyrant leech
     5 | D        | Noticed a tyrant leech
    23 | D        | Reached skill level 5 in Stealth
   161 | D        | Noticed an orange crystal statue
   164 | D        | Reached skill level 1 in Fighting
   164 | D        | Reached XP level 2. HP: 14/14 MP: 5/7
   169 | D        | Noticed Menkaure
   176 | D        | Learned a level 2 spell: Ensorcelled Hibernation
   180 | D        | Killed a crocodile
   188 | D        | Slain by a worker ant

Vault maps used:
D:        the_violet_keep_of_menkaure

Skill      XL: |  1 |
---------------+----+-----
Spellcasting   | 3 |  3.5
Stealth        | 5 |  5.1
Fighting       | 1 |  1.0
Short Blades   | 2 |  2.0
Hexes          | 4 |  4.0
Armour         | |  0.5
Dodging        | |  3.8

Action                   || total
-------------------------++-------
Melee: Dagger            ||    16
 Cast: Corona            ||     1
       Ensorcelled Hiber ||     2
  Use: Potion            ||     1
 Stab: Sleeping          ||     1
Dodge: Dodged            ||     8
